TOP OF THE 1ST |
Tacoma HS Torchmen batting - Pitching for Butler HS Golden Tornado : RHP Lyndon Dixon
|
Pitching: RHP Lyndon Dixon
|
|
Batting: RHB Cristián Ortega
|
0-0: Called Strike 0-1: Ball 1-1: Ball 2-1: Swinging Strike 2-2: Foul Ball, location: 2F 2-2: Strikes out swinging
|
Batting: LHB Joseph Wood
|
0-0: Foul Ball, location: 2F 0-1: Ball 1-1: Foul Ball, location: 2F 1-2: Foul Ball, location: 2F 1-2: Ball 2-2: Foul Ball, location: 2F 2-2: Ball 3-2: Fly out, F9 (Flyball, 89D)
|
Batting: RHB Glenn Browne
|
0-0: Called Strike 0-1: Foul Ball, location: 2F 0-2: Ball 1-2: Strikes out swinging, 2-3 out at first.
|
Top of the 1st over - 0 run(s), 0 hit(s), 0 error(s), 0 left on base; Tacoma HS 0 - Butler HS 0 |
BOTTOM OF THE 1ST |
Butler HS Golden Tornado batting - Pitching for Tacoma HS Torchmen : RHP Bill Gogearty
|
Pitching: RHP Bill Gogearty
|
|
Batting: RHB Tom Copeland
|
0-0: Foul Ball, location: 2F 0-1: Foul Ball, location: 2F 0-2: SINGLE (Line Drive, 34D)
|
Batting: RHB Héctor Meléndez
|
0-0: SINGLE (Groundball, 3) (infield hit) Tom Copeland to second
|
Batting: LHB Francisco Sousa
|
0-0: Ball 1-0: Ball Tom Copeland steals 3rd base Héctor Meléndez to second 2-0: Ball 3-0: Called Strike 3-1: Base on Balls
|
Batting: RHB Luis Mota
|
0-0: Foul Ball, location: 2F 0-1: Called Strike 0-2: Foul Ball, location: 2F 0-2: Foul Ball, location: 2F 0-2: Ball 1-2: Fly out, F7 (Flyball, 7) Runner from 3rd tags up, SCORES, no throw
|
Batting: RHB Blake Carpenter
|
0-0: Called Strike 0-1: Swinging Strike 0-2: Ball 1-2: Ball 2-2: Ball 3-2: Foul Ball, location: 2F 3-2: Base on Balls Héctor Meléndez to third Francisco Sousa to second
|
Batting: RHB Nick Washington
|
0-0: Fly out, F9 (Flyball, 9)
|
Batting: RHB Fred Taylor
|
0-0: Ball 1-0: Foul Ball, location: 2F 1-1: Swinging Strike 1-2: SINGLE (Groundball, 6MD) Héctor Meléndez scores Francisco Sousa to third Blake Carpenter to second Runner from 3rd tries for Home, SAFE, throw made home Blake Carpenter to third Fred Taylor to second
|
Batting: RHB Ernie Saunders
|
0-0: Foul Ball, location: 2F 0-1: Ball 1-1: Called Strike 1-2: Strikes out swinging
|
Bottom of the 1st over - 3 run(s), 3 hit(s), 0 error(s), 2 left on base; Tacoma HS 0 - Butler HS 3 |
TOP OF THE 2ND |
Tacoma HS Torchmen batting - Pitching for Butler HS Golden Tornado : RHP Lyndon Dixon
|
Batting: RHB Jim Lipscomb
|
0-0: Ball 1-0: Ball 2-0: Swinging Strike 2-1: SINGLE (Groundball, 34D)
|
Batting: RHB David Carter
|
0-0: Called Strike 0-1: Foul Ball, location: 2F 0-2: Foul Ball, location: 2F 0-2: Foul Ball, location: 2F 0-2: Ball 1-2: Foul Ball, location: 2F 1-2: Foul Ball, location: 2F 1-2: Ball 2-2: Ball 3-2: Foul Ball, location: 2F 3-2: Base on Balls Jim Lipscomb to second
|
Batting: LHB Ben Underwood
|
0-0: Foul Ball, location: 2F 0-1: Ball 1-1: Ball 2-1: Called Strike 2-2: Foul Ball, location: 2F 2-2: Foul Ball, location: 2F 2-2: Ball 3-2: Foul Ball, location: 2F 3-2: Base on Balls Jim Lipscomb to third David Carter to second
|
Batting: RHB Bill Cross
|
0-0: Ball 1-0: Called Strike 1-1: Fly out, F6 (Line Drive, 6)
|
Batting: LHB John Bell
|
0-0: Swinging Strike 0-1: Called Strike 0-2: Ball 1-2: Strikes out swinging
|
Batting: RHB Kel Turner
|
0-0: Called Strike 0-1: Foul Ball, location: 2F 0-2: Strikes out swinging
|
Top of the 2nd over - 0 run(s), 1 hit(s), 0 error(s), 3 left on base; Tacoma HS 0 - Butler HS 3 |
BOTTOM OF THE 2ND |
Butler HS Golden Tornado batting - Pitching for Tacoma HS Torchmen : RHP Bill Gogearty
|
Batting: RHB David Gibson
|
0-0: Ball 1-0: Foul Ball, location: 2F 1-1: Foul Ball, location: 2F 1-2: Ball 2-2: DOUBLE (Groundball, 5L)
|
Batting: RHB Tom Copeland
|
0-0: Called Strike 0-1: Ball 1-1: Called Strike 1-2: Ball 2-2: Foul Ball, location: 2F 2-2: Ground out 4-3 (Groundball, 4) David Gibson to third
|
Batting: RHB Héctor Meléndez
|
0-0: Ball 1-0: Ball 2-0: Ball 3-0: Base on Balls
|
Batting: LHB Francisco Sousa
|
0-0: Called Strike 0-1: Called Strike 0-2: Ball 1-2: Foul Ball, location: 2F 1-2: Strikes out swinging
|
Batting: RHB Luis Mota
|
0-0: Ball 1-0: Called Strike 1-1: Ball 2-1: Swinging Strike 2-2: Ball 3-2: Foul Ball, location: 2F 3-2: Base on Balls Héctor Meléndez to second
|
Batting: RHB Blake Carpenter
|
0-0: Fly out, F7 (Flyball, 7)
|
Bottom of the 2nd over - 0 run(s), 1 hit(s), 0 error(s), 3 left on base; Tacoma HS 0 - Butler HS 3 |
TOP OF THE 3RD |
Tacoma HS Torchmen batting - Pitching for Butler HS Golden Tornado : RHP Lyndon Dixon
|
Batting: RHB Cristián Ortega
|
0-0: Called Strike 0-1: SINGLE (Groundball, 4MS) (infield hit)
|
Batting: LHB Joseph Wood
|
0-0: Ball 1-0: Called Strike 1-1: Ball 2-1: Foul Ball, location: 2F 2-2: Strikes out swinging
|
Batting: RHB Glenn Browne
|
0-0: Ball Cristián Ortega is caught stealing 2nd base 1-0: Fly out, F9 (Flyball, 9S)
|
Top of the 3rd over - 0 run(s), 1 hit(s), 0 error(s), 0 left on base; Tacoma HS 0 - Butler HS 3 |
BOTTOM OF THE 3RD |
Butler HS Golden Tornado batting - Pitching for Tacoma HS Torchmen : RHP Bill Gogearty
|
Batting: RHB Nick Washington
|
0-0: Called Strike 0-1: Ball 1-1: Ball 2-1: Foul Ball, location: 2F 2-2: Foul Ball, location: 2F 2-2: Ball 3-2: Foul Ball, location: 2F 3-2: Fly out, F6 (Popup, 6)
|
Batting: RHB Fred Taylor
|
0-0: Swinging Strike 0-1: Called Strike 0-2: SINGLE (Groundball, 56D)
|
Batting: RHB Ernie Saunders
|
0-0: Called Strike 0-1: Ball 1-1: Ball 2-1: Foul Ball, location: 2F 2-2: Foul Ball, location: 2F 2-2: Ball 3-2: Foul Ball, location: 2F 3-2: Base on Balls Fred Taylor to second
|
Batting: RHB David Gibson
|
0-0: Ball 1-0: Foul Ball, location: 2F 1-1: Ball 2-1: Grounds into double play, 5-4-3 (Groundball, 56)
|
Bottom of the 3rd over - 0 run(s), 1 hit(s), 0 error(s), 1 left on base; Tacoma HS 0 - Butler HS 3 |
TOP OF THE 4TH |
Tacoma HS Torchmen batting - Pitching for Butler HS Golden Tornado : RHP Lyndon Dixon
|
Batting: RHB Jim Lipscomb
|
0-0: Fly out, F6 (Line Drive, 6)
|
Batting: RHB David Carter
|
0-0: Foul Ball, location: 2F 0-1: Foul Ball, location: 2F 0-2: Strikes out swinging
|
Batting: LHB Ben Underwood
|
0-0: Ball 1-0: Ball 2-0: Called Strike 2-1: Swinging Strike 2-2: Strikes out swinging
|
Top of the 4th over - 0 run(s), 0 hit(s), 0 error(s), 0 left on base; Tacoma HS 0 - Butler HS 3 |
BOTTOM OF THE 4TH |
Butler HS Golden Tornado batting - Pitching for Tacoma HS Torchmen : RHP Bill Gogearty
|
Pitching: RHP Steve Batten
|
|
Batting: RHB Tom Copeland
|
0-0: Fly out, F8 (Flyball, 8LD)
|
Batting: RHB Héctor Meléndez
|
0-0: Foul Ball, location: 2F 0-1: Called Strike 0-2: Foul Ball, location: 2F 0-2: Ball 1-2: Strikes out swinging
|
Batting: LHB Francisco Sousa
|
0-0: Called Strike 0-1: Ball 1-1: Ball 2-1: Called Strike 2-2: Ball 3-2: Base on Balls
|
Batting: RHB Luis Mota
|
0-0: SINGLE (Line Drive, 7S) Francisco Sousa to second
|
Batting: RHB Blake Carpenter
|
0-0: Called Strike 0-1: Foul Ball, location: 2F 0-2: Ball 1-2: Foul Ball, location: 2F 1-2: Foul Ball, location: 2F 1-2: Ball 2-2: Foul Ball, location: 2F 2-2: Fly out, F6 (Popup, 6D)
|
Bottom of the 4th over - 0 run(s), 1 hit(s), 0 error(s), 2 left on base; Tacoma HS 0 - Butler HS 3 |
TOP OF THE 5TH |
Tacoma HS Torchmen batting - Pitching for Butler HS Golden Tornado : RHP Lyndon Dixon
|
Batting: RHB Bill Cross
|
0-0: Foul Ball, location: 2F 0-1: Ball 1-1: SINGLE (Line Drive, 4MD)
|
Pitching: RHP Dewey Jackson
|
|
Batting: LHB John Bell
|
0-0: Foul Ball, location: 2F 0-1: SINGLE (Flyball, 78S) Bill Cross to second
|
Batting: RHB Kel Turner
|
0-0: Foul Ball, location: 2F 0-1: Ball 1-1: Foul Ball, location: 2F 1-2: Ground out 5-3 (Groundball, 56S) Bill Cross to third John Bell to second
|
Batting: RHB Cristián Ortega
|
0-0: Ball 1-0: Foul Ball, location: 2F 1-1: SINGLE (Flyball, 8RS) Bill Cross scores John Bell to third
|
Batting: LHB Joseph Wood
|
0-0: Foul Ball, location: 2F 0-1: Called Strike 0-2: Ball 1-2: Ball Cristián Ortega steals 2nd base 2-2: Strikes out swinging
|
Batting: RHB Glenn Browne
|
0-0: Ball 1-0: Ball 2-0: Foul Ball, location: 2F 2-1: Called Strike 2-2: Ball 3-2: Foul Ball, location: 2F 3-2: Strikes out looking
|
Top of the 5th over - 1 run(s), 3 hit(s), 0 error(s), 2 left on base; Tacoma HS 1 - Butler HS 3 |
BOTTOM OF THE 5TH |
Butler HS Golden Tornado batting - Pitching for Tacoma HS Torchmen : RHP Steve Batten
|
Batting: RHB Nick Washington
|
0-0: Ball 1-0: Foul Ball, location: 2F 1-1: Ball 2-1: SOLO HOME RUN (Flyball, 7D), Distance : 382 ft
|
Batting: RHB Fred Taylor
|
0-0: Ball 1-0: Called Strike 1-1: Fly out, F7 (Flyball, 78S)
|
Batting: RHB Ernie Saunders
|
0-0: Foul Ball, location: 2F 0-1: Ball 1-1: Foul Ball, location: 2F 1-2: Strikes out swinging
|
Batting: RHB David Gibson
|
0-0: Foul Ball, location: 2F 0-1: Foul Ball, location: 2F 0-2: Strikes out swinging
|
Bottom of the 5th over - 1 run(s), 1 hit(s), 0 error(s), 0 left on base; Tacoma HS 1 - Butler HS 4 |
TOP OF THE 6TH |
Tacoma HS Torchmen batting - Pitching for Butler HS Golden Tornado : RHP Dewey Jackson
|
Batting: RHB Jim Lipscomb
|
0-0: Called Strike 0-1: Foul Ball, location: 2F 0-2: Ball 1-2: Strikes out swinging
|
Batting: RHB David Carter
|
0-0: Called Strike 0-1: Ball 1-1: Called Strike 1-2: Strikes out swinging
|
Batting: LHB Ben Underwood
|
0-0: Called Strike 0-1: Foul Ball, location: 2F 0-2: Strikes out swinging, 2-3 out at first.
|
Top of the 6th over - 0 run(s), 0 hit(s), 0 error(s), 0 left on base; Tacoma HS 1 - Butler HS 4 |
BOTTOM OF THE 6TH |
Butler HS Golden Tornado batting - Pitching for Tacoma HS Torchmen : RHP Steve Batten
|
Batting: RHB Tom Copeland
|
0-0: Called Strike 0-1: DOUBLE (Groundball, 3L)
|
Batting: RHB Héctor Meléndez
|
0-0: Ball 1-0: Ball 2-0: Foul Ball, location: 2F 2-1: Swinging Strike 2-2: Ball 3-2: Base on Balls
|
Batting: LHB Francisco Sousa
|
0-0: Ball Wild Pitch! Tom Copeland to third Héctor Meléndez to second 1-0: Ball 2-0: Ball 3-0: Base on Balls
|
Batting: RHB Luis Mota
|
0-0: Called Strike 0-1: Ball 1-1: Ball 2-1: Ball 3-1: Fly out, F6 (Line Drive, 6)
|
Pitching: LHP Bob Lynch
|
|
Batting: RHB Blake Carpenter
|
0-0: Foul Ball, location: 2F 0-1: Swinging Strike 0-2: Strikes out swinging
|
Batting: RHB Nick Washington
|
0-0: Ball 1-0: Ball 2-0: Ball 3-0: Base on Balls Tom Copeland scores Héctor Meléndez to third Francisco Sousa to second
|
Batting: RHB Fred Taylor
|
0-0: Foul Ball, location: 2F 0-1: Foul Ball, location: 2F 0-2: Foul Ball, location: 2F 0-2: Ball 1-2: Ball 2-2: Strikes out swinging
|
Bottom of the 6th over - 1 run(s), 1 hit(s), 0 error(s), 3 left on base; Tacoma HS 1 - Butler HS 5 |
TOP OF THE 7TH |
Tacoma HS Torchmen batting - Pitching for Butler HS Golden Tornado : RHP Dewey Jackson
|
Batting: RHB Bill Cross
|
0-0: Called Strike 0-1: Ball 1-1: Ball 2-1: Foul Ball, location: 2F 2-2: Fly out, F2 (Popup, 15)
|
Batting: LHB John Bell
|
0-0: Ball 1-0: SOLO HOME RUN (Flyball, 89XD), Distance : 436 ft
|
Batting: RHB Kel Turner
|
0-0: Called Strike 0-1: Ball 1-1: Foul Ball, location: 2F 1-2: Strikes out looking
|
Batting: RHB Cristián Ortega
|
0-0: Called Strike 0-1: Called Strike Error on foul ball, E7 0-2: Ground out 4-3 (Groundball, 34)
|
Top of the 7th over - 1 run(s), 1 hit(s), 1 error(s), 0 left on base; Tacoma HS 2 - Butler HS 5 |
BOTTOM OF THE 7TH |
Butler HS Golden Tornado batting - Pitching for Tacoma HS Torchmen : LHP Bob Lynch
|
Batting: RHB Ernie Saunders
|
0-0: Ball 1-0: Ball 2-0: Called Strike 2-1: Ground out 6-3 (Groundball, 6S)
|
Batting: RHB David Gibson
|
0-0: Foul Ball, location: 2F 0-1: Ball 1-1: Foul Ball, location: 2F 1-2: Strikes out swinging
|
Batting: RHB Tom Copeland
|
0-0: Ball 1-0: Swinging Strike 1-1: Ball 2-1: Foul Ball, location: 2F 2-2: Strikes out swinging
|
Bottom of the 7th over - 0 run(s), 0 hit(s), 0 error(s), 0 left on base; Tacoma HS 2 - Butler HS 5 |
TOP OF THE 8TH |
Tacoma HS Torchmen batting - Pitching for Butler HS Golden Tornado : RHP Dewey Jackson
|
Now at C: Warren Thornton
|
|
Batting: LHB Joseph Wood
|
0-0: Ball 1-0: Ball 2-0: Ball 3-0: Called Strike 3-1: Swinging Strike 3-2: Foul Ball, location: 2F 3-2: SINGLE (Groundball, 4D)
|
Batting: RHB Glenn Browne
|
0-0: Called Strike 0-1: Called Strike 0-2: Ball 1-2: Foul Ball, location: 2F 1-2: Ball 2-2: Strikes out swinging
|
Pitching: LHP Rich McBride
|
|
Batting: RHB Jim Lipscomb
|
0-0: Ball 1-0: Foul Ball, location: 2F 1-1: Called Strike 1-2: Ball 2-2: Fly out, F9 (Flyball, 9)
|
Pitching: RHP Jacob Brown
|
|
Batting: RHB David Carter
|
0-0: Ball 1-0: Called Strike 1-1: Foul Ball, location: 2F 1-2: Ball 2-2: Foul Ball, location: 2F 2-2: Fly out, F8 (Flyball, 8LM)
|
Top of the 8th over - 0 run(s), 1 hit(s), 0 error(s), 1 left on base; Tacoma HS 2 - Butler HS 5 |
BOTTOM OF THE 8TH |
Butler HS Golden Tornado batting - Pitching for Tacoma HS Torchmen : LHP Bob Lynch
|
Batting: RHB Héctor Meléndez
|
0-0: Called Strike 0-1: Foul Ball, location: 2F 0-2: Ball 1-2: Foul Ball, location: 2F 1-2: Foul Ball, location: 2F 1-2: SINGLE (Groundball, 4MD)
|
Batting: LHB Francisco Sousa
|
0-0: Ball 1-0: Called Strike 1-1: Ball 2-1: Foul Ball, location: 2F 2-2: Ball 3-2: Base on Balls Héctor Meléndez to second
|
Batting: RHB Luis Mota
|
0-0: Called Strike 0-1: Foul Ball, location: 2F 0-2: Ball 1-2: Ball 2-2: Foul Ball, location: 2F 2-2: Foul Ball, location: 2F 2-2: Ball 3-2: DOUBLE (Flyball, 8LXD) Héctor Meléndez scores Francisco Sousa to third Runner from 3rd tries for Home, throw and OUT! Luis Mota to third
|
Batting: RHB Blake Carpenter
|
0-0: Called Strike 0-1: Swinging Strike 0-2: Ball 1-2: Ball 2-2: Ball 3-2: Strikes out swinging
|
Pitching: LHP Héctor Rodríguez
|
|
Batting: RHB Nick Washington
|
0-0: Ball 1-0: Ball 2-0: Called Strike 2-1: Ball 3-1: Ground out U3 (Groundball, 34S)
|
Bottom of the 8th over - 1 run(s), 2 hit(s), 0 error(s), 1 left on base; Tacoma HS 2 - Butler HS 6 |
TOP OF THE 9TH |
Tacoma HS Torchmen batting - Pitching for Butler HS Golden Tornado : RHP Jacob Brown
|
Batting: LHB Ben Underwood
|
0-0: Ball 1-0: Ball 2-0: Foul Ball, location: 2F 2-1: Foul Ball, location: 2F 2-2: SINGLE (Flyball, 9LS)
|
Batting: RHB Bill Cross
|
0-0: Ball 1-0: Swinging Strike 1-1: Fly out, F9 (Flyball, 9)
|
Batting: LHB John Bell
|
0-0: Foul Ball, location: 2F 0-1: Swinging Strike 0-2: Foul Ball, location: 2F 0-2: Strikes out swinging
|
Batting: RHB Kel Turner
|
0-0: Swinging Strike 0-1: Ball 1-1: DOUBLE (Line Drive, 78D) Ben Underwood to third
|
Pitching: RHP Ken Aldridge
|
|
Batting: RHB Cristián Ortega
|
0-0: Ball 1-0: SINGLE (Line Drive, 4MD) Ben Underwood scores Kel Turner to third Runner from 3rd tries for Home, SAFE, no throw
|
Batting: LHB Joseph Wood
|
0-0: Foul Ball, location: 2F 0-1: Swinging Strike 0-2: Foul Ball, location: 2F 0-2: Ball 1-2: Foul Ball, location: 2F 1-2: Strikes out swinging
|
Top of the 9th over - 2 run(s), 3 hit(s), 0 error(s), 1 left on base; Tacoma HS 4 - Butler HS 6 |
|